 Dungeon Crawl Stone Soup version 0.29-a0-322-g68df515428 (webtiles) character file.

Game seed: 5289006020056643998

21 calli0pe the Firebug (level 3, -1/29 HPs)
             Began as a Human Cinder Acolyte on Apr 8, 2022.
             Was a High Priest of Ignis.
             Slain by an orc
             ... wielding a +0 mace
              (5 damage)
             ... on level 3 of the Dungeon.
             The game lasted 00:04:35 (754 turns).

calli0pe the Firebug (Human Cinder Acolyte)          Turns: 754, Time: 00:04:35

Health: -1/29      AC:  2    Str: 16    XL:     3   Next: 2%
Magic:  4/4        EV: 11    Int: 14    God:    Ignis [*****.]
Gold:   32         SH:  0    Dex:  8    Spells: 4/4 levels left

rFire   + . .      SeeInvis .   a - -1 falchion (flame)
rCold   . . .      Faith    .   (no shield)
rNeg    . . .      Spirit   .   b - +0 robe
rPois   .          Reflect  .   (no helmet)
rElec   .          Harm     .   (no cloak)
rCorr   .          Rampage  .   (no gloves)
Will    .....                   (no boots)
Stlth   +.........              (no amulet)
HPRegen 0.09/turn               (no ring)
MPRegen 0.09/turn               (no ring)

@: no status effects
A: no striking features
a: Renounce Religion, Fiery Armour, Foxfire Swarm, Rising Flame


You were on level 3 of the Dungeon.
You worshipped Ignis.
Ignis was extremely pleased with you.
You visited 1 branch of the dungeon, and saw 3 of its levels.

You collected 32 gold pieces.

Inventory:

Hand Weapons
 a - a -1 falchion of flaming (weapon)
 f - a +0 war axe
Armour
 b - a +0 robe (worn)
Scrolls
 d - a scroll of blinking {unknown}
 e - a scroll of noise {unknown}
 g - a scroll of vulnerability {unknown}
Potions
 c - a potion of curing {unknown}


   Skills:
 + Level 3.3 Fighting
 + Level 3.2 Long Blades
 + Level 1.0 Spellcasting
 + Level 3.4 Fire Magic


You had 4 spell levels left.
You didn't know any spells.
Your spell library contained the following spells:

 Spells                   Type           Power      Damage    Failure   Level
 Scorch                   Fire           20%        2d6       10%         2


Dungeon Overview and Level Annotations

Branches:
Dungeon (3/15)

Altars:


Message History

You hit the worm. You burn the worm.
The worm is moderately wounded.
You hit the worm. You burn the worm.
The worm is heavily wounded.
The worm bites you.
You barely miss the worm.
The worm is moderately wounded.
The worm bites you!
You hit the worm but do no damage.
The worm is moderately wounded.
The worm bites you.
You barely miss the worm.
The worm is moderately wounded.
You barely miss the worm.
The worm is moderately wounded.
The worm bites you!
* * * LOW HITPOINT WARNING * * *
You hit the worm. You burn the worm.
The worm is moderately wounded.
You barely miss the worm.
The worm is moderately wounded.
The worm bites you.
* * * LOW HITPOINT WARNING * * *
You hit the worm. You burn the worm.
The worm is heavily wounded.
The worm bites you but does no damage.
You hit the worm. You burn the worm.
The worm is almost dead.
The worm barely misses you.
You hit the worm. You burn the worm.
You kill the worm!
You have reached level 3!
Your experience leads to an increase in your attributes!
Increase (S)trength, (I)ntelligence, or (D)exterity?
You feel stronger. x2
An orc comes into view. It is wielding a +0 mace.
Found a scroll labelled NIVVUN QOCVEN.
Found a stone staircase leading down.
The orc shouts!
The orc hits you with a +0 mace.
You die...

#.# #.#
###.#
?>#.#####
#.#.....#
#.#####.#
#.# #.#
#.# #.#
#o#####.#
#@......#
#########


You could see an orc.

Vanquished Creatures
  A worm (D:3)
  A ball python (D:1)
  A giant cockroach (D:1)
  3 goblins (D:1)
  6 hobgoblins
  A bat (D:3)
  A kobold (D:1)
  A rat (D:1)
15 creatures vanquished.

Notes
Turn   | Place    | Note
-------+----------+-------------------------------------------
     0 | D:1      | calli0pe the Human Cinder Acolyte began the quest for the
                  | Orb.
     0 | D:1      | Reached XP level 1. HP: 18/18 MP: 2/2
   322 | D:1      | Reached XP level 2. HP: 24/24 MP: 3/3
   744 | D:3      | Reached XP level 3. HP: 3/29 MP: 4/4
   754 | D:3      | Slain by an orc

Illustrated notes

Levels and vault maps discovered:
D:1:      dpeg_arrival_morbid_curiosity, layout_basic, minmay_split_cup_large
D:2:      layout_basic, dilly_ecumenical_altar_fadedgnrine
D:3:      layout_basic

Action                   || total
-------------------------++-------
Melee: Falchion          ||    48
       Punch             ||     1
Invok: Fiery Armour      ||     1
Armor: Robe              ||    20
Dodge: Dodged            ||    40

Table legend: (Time is in decaauts)
 A = Elapsed time spent in this place.
 B = Non-inter-level travel time spent in this place.
 C = Inter-level travel time spent in this place.
 D = Time resting spent in this place.
 E = Time spent auto-exploring this place.
 F = Levels seen in this place.
 G = Mean time per level.
                   A        B        C        D        E       F      G
               +--------+--------+--------+--------+--------+-----+--------+
         Total |    760 |    760 |      0 |    236 |      0 |   3 |  253.3 |
       Dungeon |    760 |    760 |      0 |    236 |      0 |   3 |  253.3 |
               +--------+--------+--------+--------+--------+-----+--------+

Top non-repeatable levels by time:
     D:1: 556 daAuts
     D:3: 138 daAuts
     D:2: 65 daAuts
